Map: Heavy Artillery LE

Players

Massa

  • Race: Terran Terran
  • League: Platinum
  • Spawn Location: 3:00

qqq

  • Race: Protoss Protoss
  • League: Platinum
  • Spawn Location: 1:00

Carbine - Winner!

  • Race: Terran Terran
  • League: Master
  • Spawn Location: 7:00

JokkePokke - Winner!

  • Race: Protoss Protoss
  • League: Platinum
  • Spawn Location: 7:00

VOD

Have the link to the VOD?

Description

Time

  • Played on: Dec. 15, 2020, 11:09 a.m.
  • Length: 6:01
Show
View Real Time Build Order
Export as new Build Order

Massa Terran 

Build Orders:  

Get SALT Encoding   

  12  0:00  SCV  
  13  0:12  SCV  
  14  0:24  SCV  
  14  0:25  Supply Depot  
  15  0:42  Refinery  
  15  0:47  SCV, Barracks  
  16  0:56  Refinery  
  16  0:59  SCV  
  17  1:11  SCV  
  18  1:23  SCV  
  19  1:35  Supply Depot  
  19  1:40  Reaper  
  19  1:46  Barracks  
  20  1:51  Orbital Command  
  20  2:12  Marine  
  21  2:18  Barracks  
  21  2:21  Bunker  
  20  2:59  Marine x2  
  22  3:17  Marine x2  
  23  3:21  Marine  
  24  3:35  Marine x2  
  24  3:39  Marine  
  25  3:53  Marine x2  
  25  3:56  Marine  
  25  4:02  Factory  
  26  4:04  Command Center  
  26  4:10  Marine  
  26  4:11  Marine  
  26  4:14  Marine  
  26  4:28  Marine x2  
  28  4:32  Marine  
  28  4:33  Supply Depot  
  29  4:50  Starport  
  29  5:00  Supply Depot  
  20  5:23  Widow Mine, Marine  
  20  5:26  Marine  
  24  5:35  Bunker  
  24  5:37  Barracks  
  24  5:39  Barracks  
  24  5:41  Marine  
Show
View Real Time Build Order
Export as new Build Order

qqq Protoss 

Build Orders: 1 Gate Expand 

Get SALT Encoding   

  12  0:00  Probe  
  14  0:15  Pylon  
  14  0:19  Probe  
  14  0:31  Probe  
  15  0:43  Probe  
  15  0:46  Gateway  
  16  0:55  Probe  
  17  1:13  Probe  
  17  1:17  Assimilator  
  18  1:31  Probe  
  18  1:32  Nexus  
  19  1:43  Cybernetics Core  
  19  1:47  Gateway  
  19  1:58  Pylon  
  19  2:10  Probe  
  20  2:18  Assimilator  
  20  2:22  Zealot (Chrono Boost)  
  22  2:38  Shield Battery, Stalker (Chrono Boost)  
  24  2:46  Probe, Zealot (Chrono Boost)  
  27  2:58  Probe  
  27  3:00  Stalker  
  27  3:03  Pylon  
  30  3:11  Probe  
  30  3:12  Stalker  
  33  3:23  Probe  
  32  3:30  Stalker  
  32  3:42  Stalker  
  32  4:00  Stalker  
  32  4:07  Stargate  
  33  4:10  Probe (Chrono Boost)  
  33  4:13  Assimilator  
  33  4:15  Probe (Chrono Boost)  
  34  4:18  Assimilator  
  34  4:20  Probe (Chrono Boost)  
  30  4:44  Stargate  
  26  4:48  Probe  
  26  4:50  Probe  
  28  4:53  Phoenix (Chrono Boost)  
  30  5:00  Probe  
  30  5:02  Probe  
  30  5:05  Void Ray (Chrono Boost)  
  32  5:12  Probe  
  36  5:14  Probe  
  38  5:30  Pylon  
  38  5:31  Pylon  
  38  5:32  Pylon  
  36  5:41  Pylon  
  34  5:46  Gateway  
Show
View Real Time Build Order
Export as new Build Order

Carbine Terran - Winner!

Build Orders: 1/1/1, Liberator Opening 

Get SALT Encoding   

  12  0:00  SCV  
  13  0:12  SCV  
  14  0:23  Supply Depot  
  14  0:28  SCV  
  15  0:45  SCV, Barracks  
  15  0:49  Refinery  
  16  0:52  Refinery  
  16  0:57  SCV  
  17  1:09  SCV  
  18  1:21  SCV  
  19  1:34  Factory  
  19  1:37  Orbital Command  
  19  1:44  Supply Depot  
  19  1:45  Barracks Tech Lab  
  19  2:03  Marine  
  20  2:12  SCV  
  20  2:15  Supply Depot  
  21  2:28  Starport  
  21  2:29  Barracks Reactor  
  21  2:31  SCV  
  21  2:44  Siege Tank  
  23  2:56  SCV  
  23  3:04  Marine  
  23  3:05  Marine  
  25  3:08  SCV  
  25  3:09  Supply Depot  
  26  3:16  Siege Tank  
  29  3:27  Marine x2  
  29  3:32  Liberator  
  32  3:44  SCV  
  32  3:45  Marine x2  
  35  3:58  Siege Tank  
  38  4:04  Marine x2  
  37  4:28  Marine x2  
  41  4:31  Siege Tank  
  40  4:51  SCV, Command Center  
  41  4:54  Supply Depot  
  41  5:03  SCV, Marine x2  
  41  5:04  Siege Tank  
  47  5:18  SCV  
  47  5:20  Engineering Bay  
  48  5:28  Marine x2  
  49  5:30  SCV  
Show
View Real Time Build Order
Export as new Build Order

JokkePokke Protoss - Winner!

Build Orders: Blink Stalkers 

Get SALT Encoding   

  12  0:02  Probe  
  13  0:14  Probe  
  13  0:19  Pylon  
  14  0:26  Probe  
  15  0:38  Probe  
  15  0:39  Gateway  
  16  0:43  Assimilator  
  16  0:52  Probe  
  17  1:04  Probe (Chrono Boost)  
  18  1:16  Probe (Chrono Boost), Assimilator  
  19  1:21  Probe (Chrono Boost)  
  20  1:27  Cybernetics Core  
  20  1:28  Pylon  
  20  1:35  Probe  
  21  1:47  Probe  
  22  1:59  Probe  
  23  2:07  Pylon  
  23  2:10  Warp Gate (Chrono Boost)  
  23  2:11  Probe  
  23  2:12  Twilight Council  
  23  2:14  Stalker  
  26  2:27  Pylon  
  26  2:28  Gateway  
  25  2:43  Gateway  
  25  2:45  Stalker  
  27  2:58  Blink (Chrono Boost)  
  27  3:05  Gateway  
  27  3:15  Stalker  
  29  3:58  Stalker x2  
  29  3:59  Stalker x2  
  35  4:03  Probe  
  36  4:38  Stalker x4  
  38  4:42  Pylon  
  44  4:56  Probe  
  45  5:02  Stalker x4  
  51  5:28  Stalker x2  
  55  5:38  Pylon  
  55  5:40  Pylon  
Tags
 
Add a new tag
Caveats
  • Supply blocks, unpowered buildings, or Contaminate may cause inaccurate times.
  • Supply counts are checked every 10 seconds.